 Dungeon Crawl Stone Soup version 0.20-a0-689-g860b9ab (webtiles) character file.

67 Leibowitz the Sneak (level 3, -3/29 HPs)
             Began as a Demigod Assassin on Feb 19, 2017.
             Slain by a sky beast (5 damage)
             ... on level 3 of the Dungeon.
             The game lasted 00:05:24 (2388 turns).

Leibowitz the Sneak (Demigod Assassin)              Turns: 2388, Time: 00:05:25

Health: -3/29      AC:  4    Str: 14    XL:     3   Next: 70%
Magic:  5/5        EV: 12    Int: 20    God:
Gold:   124        SH:  0    Dex: 19    Spells: 2/2 levels left

rFire    + . .     SeeInvis .   b - +0 blowgun
rCold    . . .     Gourm    .   p - +0 leather armour (curse)
rNeg     . . .     Faith    .   (no shield)
rPois    .         Spirit   .   (no helmet)
rElec    .         Reflect  .   d - +0 cloak
rCorr    .         Harm     .   (no gloves)
MR       .....                  (no boots)
Stlth    +++.......             (no amulet)
Regen    0.1/turn               (no ring)
MPRegen  0.1/turn               v - ring of protection from fire

@: brilliant
A: high mp 1
a: no special abilities


You were on level 3 of the Dungeon.
You were hungry.

You visited 1 branch of the dungeon, and saw 3 of its levels.

You collected 124 gold pieces.

Inventory:

Hand Weapons
 a - a +2 dagger
 b - a +0 blowgun (weapon)
Missiles
 f - 2 curare-tipped needles (quivered)
Armour
 d - a +0 cloak (worn)
 p - a cursed +0 leather armour (worn)
Jewellery
 v - a ring of protection from fire (left hand)
Wands
 s - a wand of lightning (10/15)
Scrolls
 c - 2 scrolls of identify {unknown}
 h - 2 scrolls of enchant armour {unknown}
 i - a scroll of enchant weapon {unknown}
 m - a scroll of blinking {unknown}
 q - a scroll of amnesia {unknown}
 r - a scroll of recharging {unknown}
 t - 4 scrolls of remove curse {unknown}
 u - a scroll of random uselessness {unknown}
 w - 4 scrolls of magic mapping {unknown}
Potions
 k - a potion of brilliance
 l - a potion of curing
 n - a potion of lignification {unknown}
 o - a potion of might {unknown}
Comestibles
 g - 3 bread rations
 j - 2 meat rations
 x - 2 chunks of flesh


   Skills:
 * Level 1.9 Fighting
 * Level 2.4 Short Blades
 - Level 1.7 Throwing
 * Level 1.0 Armour
 * Level 1.2 Dodging
 * Level 4.4 Stealth


You had 2 spell levels left.
You didn't know any spells.

Dungeon Overview and Level Annotations

Branches:
Dungeon (3/15)


Innate Abilities, Weirdness & Mutations

You have an increased reservoir of magic. (+10% MP)


Message History

Deactivating autopickup; reactivate with Ctrl-A.
Something hits you. Something shocks you.
* * * LOW HITPOINT WARNING * * *
Firing (i - inventory. (,) - cycle):
e - 4 poisoned needles (quivered)
Press: ? - help, Shift-Dir - straight line You shoot a poisoned needle.
Something barely misses you.
Firing (i - inventory. (,) - cycle):
e - 3 poisoned needles (quivered)
Press: ? - help, Shift-Dir - straight line You shoot a poisoned needle.
You are feeling hungry.
Something hits you but does no damage.
Firing (i - inventory. (,) - cycle):
e - 2 poisoned needles (quivered)
Press: ? - help, Shift-Dir - straight line You shoot a poisoned needle.
Something hits you but does no damage.
Firing (i - inventory. (,) - cycle):
e - a poisoned needle (quivered)
Press: ? - help, Shift-Dir - straight line You shoot a poisoned needle.
Something hits you.
* * * LOW HITPOINT WARNING * * *
Something shocks you.
You die...

#########
........#
#######.# #.# #.#
#######.##########
(........(.....{@#
##.#.####.########
.....# #.# ..(..#
#.# .....# #.#
.....# #.# .....#
#.# .....# #.#
.....# #.#


There were no monsters in sight!

Vanquished Creatures
  Terence (D:3)
  An adder (D:2)
  A worm (D:2)
  A dart slug (D:2)
  A leopard gecko (D:2)
  2 goblins
  6 hobgoblins
  6 bats
  4 frilled lizards
  5 rats
28 creatures vanquished.

Notes
Turn   | Place    | Note
-------+----------+-------------------------------------------
     0 | D:1      | Leibowitz the Demigod Assassin began the quest for the Orb.
     0 | D:1      | Reached XP level 1. HP: 17/17 MP: 3/3
    48 | D:1      | Reached skill level 1 in Dodging
   701 | D:2      | Reached XP level 2. HP: 24/24 MP: 4/4
   896 | D:2      | Reached skill level 4 in Stealth
  1690 | D:2      | Reached XP level 3. HP: 19/29 MP: 5/5
  2204 | D:3      | Noticed Terence
  2222 | D:3      | Killed Terence
  2222 | D:3      | Reached skill level 1 in Armour
  2342 | D:3      | Noticed a sky beast
  2388 | D:3      | Slain by a sky beast

Vault maps used:
D:1:      eino_arrival_water_cross
D:3:      lemuel_doored_altar, first_bread, uniq_terence, uniq_robin

Skill      XL: |  1  2  3 |
---------------+----------+-----
Dodging        | 1 |  1.2
Short Blades   | 2 |  2.4
Stealth        | 4 |  4.4
Armour         | 1 |  1.0
Fighting       | |  1.9
Throwing       | |  1.7

Action                   || total
-------------------------++-------
Melee: Dagger            ||    98
 Fire: Blowgun           ||    25
  Use: Potion            ||     2
 Stab: Sleeping          ||     6
       Distracted        ||     1
  Eat: Chunk             ||     4
Armor: Robe              ||     2
       Leather armour    ||    17
Dodge: Dodged            ||    47
